 Dungeon Crawl Stone Soup version 0.21.0-24-g2553a3340b (webtiles) character file.

61 Krosko the Skirmisher (level 4, -3/30 HPs)
             Began as a Gargoyle Fighter on Jan 20, 2018.
             Slain by a hobgoblin
             ... wielding a +0 club
             ... led by Robin
              (5 damage)
             ... on level 2 of the Dungeon.
             The game lasted 00:03:57 (1097 turns).

Krosko the Skirmisher (Gargoyle Fighter)            Turns: 1097, Time: 00:03:57

Health: -3/30      AC: 10    Str: 26    XL:     4   Next: 7%
Magic:  4/4        EV:  7    Int:  8    God:
Gold:   51         SH:  9    Dex:  9    Spells: 3/3 levels left

rFire    . . .     SeeInvis .   a - +0 flail
rCold    . . .     Gourm    .   c - +0 shield
rNeg     + . .     Faith    .   b - +0 scale mail
rPois    ∞         Spirit   .   (no helmet)
rElec    +         Reflect  .   (no cloak)
rCorr    .         Harm     .   (no gloves)
MR       .....                  (no boots)
Stlth    ..........             (no amulet)
HPRegen  0.10/turn              (no ring)
MPRegen  0.09/turn              (no ring)

@: mighty
A: negative energy resistance 1, electricity resistance, unbreathing,
petrification resistance, rot immunity, AC +3
a: no special abilities


You were on level 2 of the Dungeon.
You were very hungry.

You visited 1 branch of the dungeon, and saw 2 of its levels.

You collected 51 gold pieces.

Inventory:

Hand Weapons
 a - a +0 flail (weapon)
Armour
 b - a +0 scale mail (worn)
 c - a +0 shield (worn)
Scrolls
 e - 2 scrolls of fear {unknown}
 i - 2 scrolls of remove curse {unknown}
Potions
 g - a potion of agility {unknown}
 h - a potion of heal wounds {unknown}
 j - a potion of resistance {unknown}
 k - a potion of flight {unknown}
 l - 2 potions of berserk rage {unknown}
 m - a potion of ambrosia {unknown}
 n - a potion of mutation {unknown}
Comestibles
 f - 4 rations


   Skills:
 + Level 4.4 Fighting
 - Level 2.3 Maces & Flails
 - Level 3.7 Armour
 - Level 0.3 Dodging
 - Level 3.6 Shields


You had 3 spell levels left.
You didn't know any spells.

Dungeon Overview and Level Annotations

Branches:
Dungeon (2/15)

Altars:

Annotations:
D:2 Robin


Innate Abilities, Weirdness & Mutations

You are resistant to torment.
Your stone body is resilient. (AC +3)
You are immune to poison.
You resist negative energy. (rN+)
You are resistant to electric shocks. (rElec)
You can survive without breathing.
You are immune to petrification.
You are immune to rotting.


Message History

Robin is moderately wounded.
Robin closely misses you.
The hobgoblin hits you but does no damage.
Robin hits you but does no damage. The hobgoblin hits you with a club.
* * * LOW HITPOINT WARNING * * *
You are too injured to fight recklessly!
You are too injured to fight recklessly!
You are too injured to fight recklessly!
You barely miss Robin.
Robin is moderately wounded.
Robin zaps a wand.
The puff of flame misses you. The hobgoblin completely misses you.
You barely miss Robin.
Robin is moderately wounded.
Robin hits you but does no damage.
The hobgoblin hits you but does no damage.
You sock Robin!
Robin is almost dead.
Robin hits you but does no damage. The hobgoblin hits you with a club.
You die...

.. .# .# .#### .#
..<.# ##.# ##. #.#
#.. #.. #.# #.# #.#
#.####.###
#.###.†..@g).#
########......###g#.#
.#.....'.####.# #.# #
.#.#####.# #.# #.#
.#.....#.# #.# #..
######.### #.# ###
.......# #.# ########
#.. ###


You could see Robin and a hobgoblin.

Vanquished Creatures
  An adder (D:2)
  A worm (D:2)
  A dart slug (D:1)
  4 giant cockroaches
  7 goblins (D:2)
  6 hobgoblins
  4 jackals (D:1)
  4 kobolds (D:1)
  A ball python (D:1)
  4 bats (D:1)
  7 frilled lizards
  4 rats
44 creatures vanquished.

Notes
Turn   | Place    | Note
-------+----------+-------------------------------------------
     0 | D:1      | Krosko the Gargoyle Fighter began the quest for the Orb.
     0 | D:1      | Reached XP level 1. HP: 14/14 MP: 1/1
   195 | D:1      | Reached XP level 2. HP: 15/19 MP: 2/2
   532 | D:1      | Reached XP level 3. HP: 20/23 MP: 3/3
   933 | D:2      | Reached skill level 4 in Fighting
  1061 | D:2      | Noticed Robin
  1075 | D:2      | Reached XP level 4. HP: 15/30 MP: 4/4
  1094 | D:2      | HP: 1/30 [hobgoblin/club[Robin] (1)]
  1097 | D:2      | Slain by a hobgoblin

Skill      XL: |  1  2  3 |
---------------+----------+-----
Fighting       | 4 |  4.4
Maces & Flails | |  2.3
Armour         | |  3.7
Dodging        | |  0.3
Shields        | |  3.6

Action                   |  1- 3 |  4- 6 || total
-------------------------+-------+-------++-------
Melee: Flail             |   183 |    19 ||   202
  Use: Potion            |       |     1 ||     1
Armor: Scale mail        |   102 |    10 ||   112
Dodge: Dodged            |    69 |     7 ||    76
Block: Shield            |   119 |    14 ||   133
